Map: Efemeryda ER

Players

dsk

  • Race: Protoss Protoss
  • League: Diamond
  • Spawn Location: 11:00

SI 2 (Bardzo łatwa) - Winner!

  • Race: Terran Terran
  • Spawn Location: 5:00

VOD

Have the link to the VOD?

Description

Time

  • Played on: Sept. 27, 2019, 1:47 p.m.
  • Length: 10:31
Show
View Real Time Build Order
Export as new Build Order

dsk Protoss 

Build Orders: 1 Gate Expand, Archon Immortal 

Get SALT Encoding   

  12  0:00  Probe  
  13  0:13  Probe  
  14  0:19  Pylon  
  14  0:25  Probe  
  15  0:37  Probe (Chrono Boost)  
  15  0:40  Gateway  
  16  0:47  Probe (Chrono Boost)  
  17  0:52  Assimilator, Probe (Chrono Boost)  
  19  1:04  Probe  
  19  1:16  Probe  
  20  1:28  Nexus  
  20  1:40  Cybernetics Core  
  20  1:42  Probe  
  21  1:55  Probe  
  21  1:57  Pylon  
  22  2:07  Probe  
  23  2:12  Warp Gate (Chrono Boost)  
  23  2:14  Stalker (Chrono Boost)  
  23  2:20  Probe  
  26  2:32  Probe (Chrono Boost)  
  27  2:37  Robotics Facility  
  27  2:41  Adept  
  27  2:42  Probe (Chrono Boost)  
  30  2:50  Probe (Chrono Boost)  
  32  2:52  Probe (Chrono Boost)  
  32  2:57  Probe x2 (Chrono Boost)  
  34  3:08  Probe x2  
  36  3:14  Pylon  
  36  3:16  Adept  
  38  3:20  Probe  
  39  3:28  Gateway x2  
  39  3:30  Probe  
  39  3:32  Probe  
  39  3:33  Observer (Chrono Boost)  
  42  3:42  Probe  
  42  3:44  Probe  
  42  3:47  Assimilator  
  44  3:49  Assimilator  
  44  3:50  Assimilator  
  44  3:52  Pylon  
  44  3:56  Probe  
  44  3:57  Probe  
  44  3:58  Immortal (Chrono Boost)  
  50  4:08  Probe  
  50  4:09  Probe  
  52  4:16  Pylon  
  52  4:20  Probe  
  52  4:21  Probe  
  54  4:31  Gateway  
  54  4:32  Gateway, Probe  
  54  4:33  Probe  
  54  4:35  Gateway  
  54  4:38  Immortal, Twilight Council  
  60  4:44  Probe  
  61  4:48  Probe  
  62  4:56  Probe  
  63  5:02  Gateway  
  63  5:04  Gateway  
  63  5:06  Pylon  
  63  5:11  Nexus  
  63  5:14  Pylon, Charge (Chrono Boost)  
  63  5:28  Immortal  
  67  5:36  Probe x2  
  67  5:41  Stalker x2  
  67  5:42  Stalker  
  75  5:51  Probe  
  75  5:52  Probe  
  77  6:03  Probe  
  77  6:04  Probe  
  78  6:08  Immortal  
  82  6:13  Templar Archives  
  82  6:16  Probe x2  
  82  6:17  Sentry  
  86  6:21  Pylon  
  86  6:27  Pylon  
  86  6:28  Probe  
  86  6:29  Probe x2  
  86  6:31  Pylon  
  89  6:35  Pylon  
  89  6:38  Forge  
  89  6:40  Probe  
  89  6:41  Forge, Probe  
  89  6:42  Probe  
  92  6:47  Assimilator  
  92  6:48  Assimilator  
  92  6:52  Probe  
  93  7:00  High Templar x2  
  93  7:01  High Templar x3  
  103  7:03  Protoss Ground Weapons Level 1 (Chrono Boost)  
  103  7:04  High Templar  
  103  7:05  Probe x3  
  103  7:07  Archon x2  
  103  7:08  Archon  
  108  7:10  Protoss Ground Armor Level 1 (Chrono Boost)  
  108  7:17  Probe x2  
  108  7:18  Probe  
  108  7:20  Zealot x2  
  119  7:30  Immortal  
  119  7:35  Zealot x5  
  129  7:45  Nexus  
  129  7:49  High Templar x2  
  133  7:54  Pylon x2  
  133  7:59  Gateway  
  133  8:06  Pylon  
  133  8:11  Gateway, High Templar  
  133  8:12  High Templar  
  133  8:13  Zealot x4, Gateway  
  133  8:15  Gateway  
  141  8:28  High Templar x2  
  145  8:36  Pylon  
  145  8:38  Zealot x2, Probe  
  145  8:39  Zealot x2  
  145  8:40  Pylon  
  154  8:43  Assimilator  
  154  8:44  Colossus (Chrono Boost)  
  154  8:47  Assimilator  
  154  8:49  Pylon  
  154  8:50  Pylon  
  154  8:52  Pylon  
  154  8:53  Pylon  
  154  8:54  Immortal (Chrono Boost), Pylon  
  158  9:03  Zealot x2  
  158  9:04  Zealot x5  
  158  9:05  Zealot  
  174  9:29  Archon  
  174  9:30  Archon  
  174  9:31  Archon  
  174  9:33  Probe x2  
  174  9:34  Probe x2  
  174  9:38  High Templar x2  
  180  9:39  Zealot x5  
  180  9:40  Zealot  
  180  9:41  High Templar  
  180  9:42  High Templar  
  180  9:45  Zealot, Archon  
Show
View Real Time Build Order
Export as new Build Order

SI 2 (Bardzo łatwa) Terran - Winner!

Build Orders: Reaper Expand 

Get SALT Encoding   

  12  0:00  SCV  
  13  0:13  SCV  
  14  0:18  Supply Depot  
  14  0:43  Barracks  
  14  1:03  Command Center  
  14  1:31  Orbital Command, Supply Depot  
  14  1:32  Marine  
  15  1:38  Refinery  
  15  1:50  Refinery  
  15  1:57  SCV  
  16  2:09  SCV  
  18  2:15  SCV  
  18  2:18  Reaper  
  20  2:22  SCV  
  21  2:30  SCV  
  22  2:37  SCV  
  23  2:44  SCV  
  23  2:45  Refinery  
  23  2:51  SCV  
  24  2:58  SCV  
  25  3:05  SCV  
  25  3:06  Marine  
  27  3:13  SCV  
  27  3:19  Factory  
  28  3:20  SCV  
  29  3:43  Refinery, SCV  
  30  3:51  SCV  
  30  3:54  Marine, Supply Depot  
  32  3:58  SCV  
  33  4:05  SCV  
  33  4:06  Starport  
  34  4:12  Barracks Tech Lab, SCV  
  35  4:20  SCV  
  36  4:27  SCV  
  36  4:29  Supply Depot  
  37  4:34  SCV  
  38  4:41  SCV  
  38  4:42  Marauder  
  38  4:44  Starport Tech Lab  
  41  4:49  SCV  
  42  4:56  SCV  
  43  5:03  Raven, SCV  
  46  5:10  SCV  
  47  5:17  SCV  
  48  5:29  Marine  
  49  5:46  Raven  
  51  5:55  SCV  
  51  6:17  Marine  
  52  7:06  Marauder  
  54  8:09  Marine  
  50  8:18  Raven  
  45  8:22  Supply Depot  
  45  8:26  SCV  
  42  8:33  SCV  
  38  8:38  Hellion  
  38  8:40  SCV  
  41  8:47  SCV  
  42  8:55  SCV  
  43  9:02  SCV  
  44  9:07  Viking  
  44  9:09  SCV  
  47  9:16  SCV  
  48  9:23  SCV  
  48  9:31  SCV  
  45  9:36  Raven  
  47  9:54  Marine  
  48  10:19  SCV  
  48  10:23  Supply Depot  
Tags
 
Add a new tag
Caveats
  • Supply blocks, unpowered buildings, or Contaminate may cause inaccurate times.
  • Supply counts are checked every 10 seconds.